 Dungeon Crawl Stone Soup version 0.30-b1-2-g02819fbbbe (webtiles) character file.

Game seed: 3837642168194834500

11 ventricule the Sneak (level 2, 0/27 HPs)
             Began as a Minotaur Delver on May 6, 2023.
             Slain by an orc
             ... wielding a +0 short sword
              (4 damage)
             ... on level 5 of the Dungeon.
             The game lasted 00:00:11 (35 turns).

ventricule the Sneak (Minotaur Delver)                Turns: 35, Time: 00:00:11

Health: 0/27       AC:  3    Str: 16    XL:     2   Next: 13%
Magic:  1/1        EV: 12    Int:  7    God:
Gold:   7          SH:  0    Dex: 11    Spells: 1/1 levels left

rFire   . . .        a - +0 hand axe
rCold   . . .        (no shield)
rNeg    . . .        b - +0 leather armour
rPois   .            (helmet restricted)
rElec   .            (no cloak)
rCorr   .            (no gloves)
SInv    .            (no boots)
Will    .....        (no amulet)
Stlth   ++           (no ring)
HPRegen 0.24/turn    (no ring)
MPRegen 0.07/turn

%: no passive effects
@: no status effects
A: horns 2, retaliatory headbutt
a: no special abilities


You were on level 5 of the Dungeon.
You visited 1 branch of the dungeon, and saw 2 of its levels.

You collected 7 gold pieces.

Inventory:

Hand Weapons
 a - a +0 hand axe (weapon)
Armour
 b - a +0 leather armour (worn)
Wands
 g - a wand of digging (3)
Scrolls
 c - a scroll of fog
 d - a scroll of magic mapping
 e - a scroll of fear
Potions
 f - a potion of haste


   Skills:
 + Level 3.8 Fighting
 + Level 2.7 Axes
 + Level 2.4 Dodging
 + Level 4.2 Stealth


You had one spell level left.
You didn't know any spells.
Your spell library was empty.

Dungeon Overview and Level Annotations

Branches:
Dungeon (5/15)
 Temple: D:4-7

Altars:


Innate Abilities, Weirdness & Mutations

You have a pair of horns on your head.
You reflexively headbutt those who attack you in melee.


Message History

The orc shouts! x3; You hear a shout! x2
Found an embroidered scarf.
There is a stone staircase leading down here.
The orc barely misses you. The orc hits you with a +0 flail.
You climb downwards.
The adder hisses angrily.
There is a stone staircase leading up here.
You miss the adder.
You headbutt the adder, but do no damage.
You hit the orc. x2; The adder bites you.
The orc hits you but does no damage. The orc hits you with a +0 flail.
The adder closely misses you.
You miss the adder. You closely miss the orc. You hit the orc but do no damage.
The adder closely misses you. The orc hits you but does no damage.
The orc hits you with a +0 flail.
You miss the adder. You hit the orc. You closely miss the orc.
The adder misses you. The orc barely misses you. x2
The adder barely misses you.
You slash the adder! You headbutt the adder.
You kill the adder!
You barely miss the orc. You closely miss the orc. The orc closely misses you.
The orc hits you with a +0 flail.
* * * LOW HITPOINT WARNING * * *
You have reached level 2!
You hit the orc but do no damage.
The orc is moderately wounded.
You closely miss the orc. The orc hits you with a +0 short sword.
* * * LOW HITPOINT WARNING * * *
The orc hits you but does no damage.
You hit the orc. You headbutt the orc.
The orc is severely wounded.
You barely miss the orc. The orc hits you but does no damage.
The orc hits you with a +0 flail.
* * * LOW HITPOINT WARNING * * *
The orc closely misses you. The orc barely misses you. You furiously retaliate!
You headbutt the orc.
You kill the orc!
You barely miss the orc.
The orc is severely wounded.
The orc hits you with a +0 short sword.
You die...

..# # ..#
#.#####.#
........
#.....#
+.....# #
#...o†####.#.#
+....@....?...
#.....)....#.
####...##..#
#...# .#
#...## #....#
#.####....#
#.........#
..#. .# #
#######.###
#.#.#.#. ..


You could see an orc.

Vanquished Creatures
  An adder (D:5)
  An orc (D:5)
2 creatures vanquished.

Notes
Turn   | Place    | Note
-------+----------+-------------------------------------------
     0 | D:5      | ventricule the Minotaur Delver began the quest for the Orb.
     0 | D:5      | Reached XP level 1. HP: 19/19 MP: 0/0
    33 | D:5      | Reached XP level 2. HP: 8/27 MP: 1/1
    35 | D:5      | Slain by an orc

Illustrated notes

Levels and vault maps discovered:
D:4:      layout_basic, lemuel_coloured_pillars_altar, serial_shops, shop,
          nicolae_shop_hallway_stairs, shop, kennysheep_little_box,
          serial_glass, glass_columns_a, glass_columns_b, uniq_duvessa
D:5:      cheibrodos_iron_armory, layout_basic, minmay_misc_feat_columns

Action                     || total
---------------------------++-------
  Melee: Hand axe          ||     7
         Headbutt          ||     3
 Armour: Leather armour    ||     4
  Dodge: Dodged            ||    10
